 Dungeon Crawl Stone Soup version 0.29-a0-993-g4a18f31a58 (webtiles) character file.

Game seed: 8290480810162030657

431 Sobieck the Sneak (level 6, -3/32 HPs)
             Began as a Vine Stalker Brigand on Aug 2, 2022.
             Slain by Pikel
             ... wielding a +0 whip of freezing
              (4 damage)
             ... on level 4 of the Dungeon.
             The game lasted 00:06:34 (2626 turns).

Sobieck the Sneak (Vine Stalker Brigand)            Turns: 2626, Time: 00:06:34

Health: -3/32      AC:  4    Str: 14    XL:     6   Next: 99%
Magic:  0/7        EV: 13    Int: 11    God:
Gold:   133        SH:  0    Dex: 17    Spells: 5/5 levels left

rFire   . . .      SeeInvis .   a - +2 dagger (elec) {short}
rCold   . . .      Faith    .   (no shield)
rNeg    . . .      Spirit   +   m - +0 robe
rPois   .          Reflect  .   (no helmet)
rElec   .          Harm     .   c - +0 cloak
rCorr   .          Rampage  .   (no gloves)
Will    .....                   F - +0 pair of boots
Stlth   +++.......              (no amulet)
HPRegen 0.90/turn               (no ring)
MPRegen 0.10/turn               (no ring)

@: invisible
A: fangs 2, regeneration 1, magic shield, antimagic bite, no potion heal 2
a: no special abilities


You were on level 4 of the Dungeon.
You visited 1 branch of the dungeon, and saw 4 of its levels.

You collected 133 gold pieces.


Innate Abilities, Weirdness & Mutations

You have extremely sharp teeth.
Your natural rate of healing is unusually fast.
When hurt, damage is shared between your health and your magic reserves.
Your bite disrupts and absorbs the magic of your enemies.
Potions cannot restore your health.


   Skills:
 + Level 3.2 Fighting
 * Level 4.4 Short Blades
 - Level 1.7 Throwing
 + Level 2.5 Dodging
 + Level 6.2 Stealth


You had 5 spell levels left.
You didn't know any spells.
Your spell library contained the following spells:

 Spells                   Type           Power      Damage    Failure   Level
 Slow                     Hex            0%         N/A       34%         1
 Ensorcelled Hibernation  Hex/Ice        0%         N/A       47%         2
 Confusing Touch          Hex            0%         N/A       71%         3
 Gell's Gravitas          Tloc           0%         N/A       71%         3
 Lesser Beckoning         Tloc           0%         N/A       71%         3
 Spider Form              Tmut/Pois      0%         N/A       71%         3
 Teleport Other           Tloc           0%         N/A       71%         3
 Vampiric Draining        Necr           0%         2d6       71%         3
 Anguish                  Hex/Necr       0%         N/A       98%         4

Inventory:

Hand Weapons
 a - a +2 dagger of electrocution (weapon) {short}
   (You found it on level 2 of the Dungeon)
 b - a +0 sling
   (You found it on level 1 of the Dungeon)
 q - a +2 dagger {short}
 s - a +0 whip of venom {mace}
   (You took it off a kobold on level 4 of the Dungeon)
 G - a +0 dagger of flaming {short}
   (You took it off a kobold on level 2 of the Dungeon)
 H - a +1 dagger of protection {short}
   (You took it off a kobold on level 1 of the Dungeon)
 P - a +2 morningstar of freezing {mace}
   (You took it off an orc on level 3 of the Dungeon)
Missiles
 d - 34 poisoned darts (quivered) {throwing}
 e - 3 curare-tipped darts {=fthrowing}
 i - 58 stones {throwing}
 u - a throwing net {=f!fthrowing}
Armour
 c - a +0 cloak (worn)
 m - a +0 robe (worn)
 o - a +0 leather armour
   (You found it on level 1 of the Dungeon)
 w - a +0 leather armour
   (You found it on level 2 of the Dungeon)
 x - a +0 ring mail
   (You took it off an orc on level 2 of the Dungeon)
 y - a +0 leather armour
   (You took it off an orc on level 2 of the Dungeon)
 z - a +0 robe
   (You took it off an orc wizard on level 2 of the Dungeon)
 A - a +0 leather armour
   (You took it off an orc on level 2 of the Dungeon)
 B - a +0 scale mail
   (You took it off a kobold on level 2 of the Dungeon)
 C - a +0 chain mail
   (You took it off an orc on level 2 of the Dungeon)
 D - a +0 robe
   (You found it on level 2 of the Dungeon)
 F - a +0 pair of boots (worn)
   (You found it on level 4 of the Dungeon)
 I - a +0 robe
   (You took it off an orc wizard on level 3 of the Dungeon)
 J - a +0 scale mail
   (You took it off an orc on level 3 of the Dungeon)
 K - a +0 chain mail
   (You took it off an orc on level 3 of the Dungeon)
 L - a +0 ring mail
   (You took it off an orc priest on level 3 of the Dungeon)
 N - a +0 robe
   (You found it on level 3 of the Dungeon)
 Q - a +0 leather armour
   (You took it off an orc on level 3 of the Dungeon)
 S - a +0 ring mail
   (You took it off an orc on level 3 of the Dungeon)
 T - a +0 chain mail
   (You took it off an orc on level 3 of the Dungeon)
 V - a +0 leather armour
   (You took it off an orc on level 3 of the Dungeon)
Scrolls
 g - 2 scrolls of blinking {!r}
 j - a scroll of magic mapping {unknown}
 l - a scroll of vulnerability {!r!r}
 r - a scroll of acquirement {unknown}
 R - a scroll of fear {unknown}
Potions
 f - a potion of invisibility
 h - 3 potions of heal wounds {@q2}
 k - a potion of lignification {unknown}
 n - a potion of haste {unknown}
 p - 3 potions of mutation {unknown}
 t - a potion of berserk rage {unknown}
 v - 2 potions of curing {@q1}
 E - 2 potions of might
 M - a potion of flight {unknown}
 O - 2 potions of brilliance {unknown}
 U - a potion of cancellation {unknown}

Dungeon Overview and Level Annotations

Branches:
Dungeon (4/15) Zot: 21382
 Temple: D:4-7

Altars:

Annotations:
D:4 Pikel

#. #. #. #.
#.################# ##
#####.#...............#
#.....#...#..########.#
#.....#...#..# ###.####
#.....5......# #.......
#.....#.####.######.......
#....5#5K@.#.#............
##########.#.#............
#.#..............
#.###............
#.....###........
#########........
................
#########....... #.......


You could see Pikel (unable to see you) and 2 lemures.


Message History

The hound barks!
Danger!
You shoot a sling bullet.
The sling bullet barely misses the hound.
You shoot a sling bullet.
The sling bullet barely misses the hound.
You shoot a sling bullet. The sling bullet hits the hound.
The hound bites you but does no damage.
You hear the crackle of electricity.
a - a +2 dagger of electrocution (weapon)
{short} The hound barely misses you.
You hit the hound. You punch the hound. You bite the hound, but do no damage.
The hound bites you.
You barely miss the hound. The hound closely misses you.
You completely miss the hound. The hound bites you but does no damage.
The hound closely misses you.
You hit the hound but do no damage. Your bite misses the hound.
The hound bites you but does no damage.
You hit the hound but do no damage. The hound barely misses you.
You hit the hound but do no damage. Your bite misses the hound.
The hound closely misses you.
You closely miss the hound. The hound bites you.
You barely miss the hound. Your bite misses the hound. The hound bites you.
You hit the hound. Lightning courses through the hound!
You kill the hound!
No target in view!
Your +2 dagger of electrocution {short} stops crackling.
b - a +0 sling (weapon)
You hear the rusting of a distant drain.
F - a +0 pair of boots You start putting on your armour.
You continue putting on your +0 pair of boots. x4
You finish putting on your +0 pair of boots.
You now have 133 gold pieces (gained 12).
R - a scroll labelled HANKU TIEHA Unknown command.
p - 3 red potions (gained 1)
g - 2 scrolls of blinking {!r} (gained 1)
An adder comes into view.
Danger!
You shoot a sling bullet. The sling bullet hits the adder.
The adder hisses angrily.
You shoot a sling bullet.
The sling bullet closely misses the adder.
You hear the crackle of electricity.
a - a +2 dagger of electrocution (weapon)
{short} The adder barely misses you.
You completely miss the adder. The adder bites you but does no damage.
You hit the adder.
You kill the adder!
No target in view!
Your +2 dagger of electrocution {short} stops crackling.
b - a +0 sling (weapon)
You hear the brisk rusting of a drain nearby.
A hobgoblin comes into view.
You see here 6 stones {throwing}.
Danger!
You shoot a sling bullet. The sling bullet hits the hobgoblin.
The hobgoblin shouts!
You shoot a sling bullet.
The sling bullet barely misses the hobgoblin.
You shoot a sling bullet. The sling bullet hits the hobgoblin!
You kill the hobgoblin!
i - 58 stones {throwing} (gained 6)
You open the door. 2 lemures come into view.
Danger!
Unknown command.
You hear the crackle of electricity.
a - a +2 dagger of electrocution (weapon)
{short} The lemure shouts! x2; You hear a shout! x2
Pikel and 2 lemures come into view.
Pikel is wielding a +0 whip of freezing.
The lemure shouts!
Pikel hits you with a +0 whip of freezing!
Pikel freezes you.
There is an open door here.
Pikel attacks as you move away!
Pikel hits you with a +0 whip of freezing.
Pikel freezes you.
Unknown command.
Unknown command.
Pikel attacks as you move away!
Pikel hits you with a +0 whip of freezing.
* * * LOW HITPOINT WARNING * * *
Pikel freezes you.
* * * LOW HITPOINT WARNING * * *
Unknown command.
You hit Pikel.
Pikel hits you with a +0 whip of freezing.
* * * LOW HITPOINT WARNING * * *
Pikel freezes you.
* * * LOW HITPOINT WARNING * * *
You hit Pikel but do no damage. Your bite misses Pikel.
Pikel barely misses you.
You fade into invisibility!
Pikel hits you with a +0 whip of freezing!
* * * LOW HITPOINT WARNING * * *
Pikel freezes you.
You die...

Skill      XL: |  1  2  3  4  5  6 |
---------------+-------------------+-----
Fighting       | 2 3 |  3.2
Short Blades   | 2 3 4 |  4.4
Dodging        | 1 2 |  2.5
Stealth        | 5 6 |  6.2
Throwing       | |  1.7

Action                   |  1- 3 |  4- 6 || total
-------------------------+-------+-------++-------
Melee: Dagger            |    46 |   147 ||   193
       Bite              |     7 |    43 ||    50
       Punch             |     1 |     2 ||     3
 Fire: Sling             |    42 |    70 ||   112
Throw: Dart              |     8 |       ||     8
  Use: Scroll            |       |    10 ||    10
       Potion            |       |     1 ||     1
 Stab: Sleeping          |       |     1 ||     1
       Distracted        |       |     1 ||     1
Armor: Robe              |    11 |    44 ||    55
Dodge: Dodged            |    38 |    87 ||   125

Levels and vault maps discovered:
D:1:      dpeg_arrival_concentric_ovals, layout_basic, basic_ecumenical_altar,
          amcnicky_mini_pool_small, serial_bayou_pond_b, kennysheep_nondescript
D:2:      layout_loops_corners, serial_park_tiny_pond, kennysheep_generic_room_4
D:3:      layout_basic, due_unseen_surprise, uniq_natasha
D:4:      layout_basic, gammafunk_ghost_grave, portal_sewer_entry_f, uniq_pikel

Notes
Turn   | Place    | Note
-------+----------+-------------------------------------------
     0 | D:1      | Sobieck the Vine Stalker Brigand began the quest for the
                  | Orb.
     0 | D:1      | Reached XP level 1. HP: 11/11 MP: 2/2
   125 | D:1      | Reached skill level 2 in Fighting
   125 | D:1      | Reached skill level 2 in Short Blades
   125 | D:1      | Reached skill level 1 in Dodging
   125 | D:1      | Reached skill level 5 in Stealth
   125 | D:1      | Reached XP level 2. HP: 6/15 MP: 1/3
   446 | D:1      | You pick up a book of Displacement and begin reading...
   446 | D:1      | You add the spells Lesser Beckoning, Gell's Gravitas and
                  | Teleport Other to your library.
   481 | D:1      | Reached XP level 3. HP: 18/18 MP: 4/4
   610 | D:1      | Found a faded altar of an unknown god.
   909 | D:2      | You pick up a book of Debilitation and begin reading...
   909 | D:2      | You add the spells Slow, Vampiric Draining and Confusing
                  | Touch to your library.
   972 | D:2      | Gained mutation: Your natural rate of healing is unusually
                  | fast. [Vine Stalker growth]
   972 | D:2      | Reached XP level 4. HP: 11/23 MP: 3/5
  1032 | D:2      | You pick up a book of Dreams and begin reading...
  1032 | D:2      | You add the spells Ensorcelled Hibernation, Spider Form and
                  | Anguish to your library.
  1155 | D:2      | Reached skill level 3 in Short Blades
  1176 | D:2      | Reached XP level 5. HP: 23/27 MP: 6/6
  1903 | D:3      | Noticed Natasha
  1904 | D:3      | Killed Natasha
  1918 | D:3      | Noticed Natasha
  1927 | D:3      | Killed Natasha
  1928 | D:3      | Reached skill level 2 in Dodging
  1938 | D:3      | Noticed Natasha
  1944 | D:3      | Killed Natasha
  1945 | D:3      | Reached XP level 6. HP: 27/32 MP: 5/7
  1995 | D:3      | Reached skill level 3 in Fighting
  1995 | D:3      | Reached skill level 6 in Stealth
  2000 | D:3      | Reached skill level 4 in Short Blades
  2620 | D:4      | Noticed Pikel
  2624 | D:4      | HP: 8/32 [Pikel/+0 whip of freezing (1)]
  2626 | D:4      | HP: 1/32 [Pikel/+0 whip of freezing (9)]
  2626 | D:4      | Slain by Pikel

Vanquished Creatures
  A hound (D:4)
  3 orc priests (D:3)
  Natasha (thrice) (D:3)
  2 orc wizards
  5 adders
  4 gnolls
  An ufetubus (D:4)
  2 dart slugs (D:1)
  16 orcs
  2 ball pythons
  8 bats
  2 endoplasms (D:3)
  3 giant cockroaches
  6 goblins
  6 hobgoblins
  5 quokkas
  10 kobolds
  6 rats
85 creatures vanquished.

Table legend:
 A = Non-vault XP
 B = Vault XP
 C = Vault XP percentage of total XP
 D = Non-vault monster count
 E = Vault monster count
 F = Vault count percentage of total count
                 A         B        C        D         E       F
            +---------+---------+-------+---------+---------+-------
      Total |     563 |      53 |   8.6 |      80 |       5 |   5.9
            +---------+---------+-------+---------+---------+-------
        D:1 |      39 |      16 |  29.1 |      20 |       2 |   9.1
        D:2 |     136 |       2 |   1.4 |      20 |       2 |   9.1
        D:3 |     303 |      35 |  10.4 |      33 |       1 |   2.9
        D:4 |      85 |       0 |   0.0 |       7 |       0 |   0.0
            +---------+---------+-------+---------+---------+-------

Illustrated notes

Table legend:
 A = Kills in this place as a percentage of kills in entire the game.
 B = Kills by you in this place as a percentage of kills by you in the entire game.
 C = Kills by friends in this place as a percentage of kills by friends in the entire game.
 D = Other kills in this place as a percentage of other kills in the entire game.
 E = Experience gained in this place as a percentage of experience gained in the entire game.
 F = Experience gained in this place divided by the number of levels of this place that you have seen.
                   A       B       C       D       E      F
               +-------+-------+-------+-------+-------+----------------------
         Total | 100.0 | 100.0 |   N/A |   N/A | 100.0 | 154.0
       Dungeon | 100.0 | 100.0 |   N/A |   N/A | 100.0 | 154.0
               +-------+-------+-------+-------+-------+----------------------

Table legend: (Time is in decaauts)
 A = Elapsed time spent in this place.
 B = Non-inter-level travel time spent in this place.
 C = Inter-level travel time spent in this place.
 D = Time resting spent in this place.
 E = Time spent auto-exploring this place.
 F = Levels seen in this place.
 G = Mean time per level.
                   A        B        C        D        E       F      G
               +--------+--------+--------+--------+--------+-----+--------+
         Total |   2616 |   2506 |    110 |    218 |   1690 |   4 |  654.0 |
       Dungeon |   2616 |   2506 |    110 |    218 |   1690 |   4 |  654.0 |
               +--------+--------+--------+--------+--------+-----+--------+

Top non-repeatable levels by time:
     D:2: 982 daAuts
     D:1: 909 daAuts
     D:3: 522 daAuts
     D:4: 202 daAuts
